 Dungeon Crawl Stone Soup version 0.27.0-1-g7a089689b8 (webtiles) character file.

Game seed: 5277376730235205788

6033 MajorAdolf the Fighter (level 10, -1/98 HPs)
             Began as a Naga Wanderer on Aug 17, 2021.
             Slain by an orc warrior (11 damage)
             ... on level 10 of the Dungeon.
             The game lasted 00:22:27 (12389 turns).

MajorAdolf the Fighter (Naga Wanderer)             Turns: 12389, Time: 00:22:28

Health: -1/98      AC: 21    Str: 17    XL:     10   Next: 86%
Magic:  10/10      EV:  5    Int: 13    God:
Gold:   510        SH:  0    Dex: 11    Spells: 9/9 levels left

rFire    + . .     SeeInvis +   a - +2 mace
rCold    . . .     Faith    .   (no shield)
rNeg     . . .     Spirit   .   o - +0 plate armour
rPois    +         Reflect  .   N - +2 helmet
rElec    .         Harm     .   I - +0 cloak
rCorr    .         Rampage  .   F - +0 pair of gloves
Will     +....                  (no barding)
Stlth    ..........             w - amulet of regeneration
HPRegen  1.26/turn              l - ring of protection from fire
MPRegen  0.12/turn              x - +4 ring of protection

@: studying Unarmed Combat, very slow
A: AC +3, large, see invisible, deformed body, poison resistance, slowness 2,
spit poison 1, naga tail 1
a: Spit Poison


You were on level 10 of the Dungeon.
You visited 2 branches of the dungeon, and saw 11 of its levels.
You also visited: Sewer.

You collected 510 gold pieces.

Inventory:

Hand Weapons
 a - a +2 mace (weapon)
 e - a +0 dagger
 J - a +0 mace of protection
Armour
 m - a scarf of shadows
 o - a +0 plate armour (worn)
 F - a +0 pair of gloves (worn)
 I - a +0 cloak (worn)
 N - a +2 helmet (worn)
Magical Staves
 u - a staff of fire
Jewellery
 l - a ring of protection from fire (left hand)
 q - a ring of resist corrosion
 r - a ring of ice
 s - an amulet of magic regeneration
 w - an amulet of regeneration (around neck)
 x - a +4 ring of protection (right hand)
Wands
 j - a wand of polymorph (4)
 n - a wand of mindburst (13)
 E - a wand of flame (8)
 L - a wand of paralysis (10)
Scrolls
 b - 2 scrolls of teleportation
 d - a scroll of enchant armour {unknown}
 f - 7 scrolls of identify
 k - a scroll of amnesia
 p - a scroll of acquirement {unknown}
 v - 3 scrolls of immolation {unknown}
 y - a scroll of noise {unknown}
 C - 3 scrolls of enchant weapon {unknown}
 D - a scroll of summoning {unknown}
 G - a scroll of blinking
 K - a scroll of fog {unknown}
 M - a scroll of fear {unknown}
Potions
 c - a potion of lignification
 g - 4 potions of mutation {unknown}
 h - 3 potions of attraction {unknown}
 i - a potion of brilliance {unknown}
 t - 5 potions of curing {unknown}
 z - a potion of invisibility
 A - a potion of haste {unknown}
 B - a potion of degeneration {unknown}
 H - a potion of heal wounds {unknown}


   Skills:
 + Level 8.4 Fighting
 + Level 7.2 Axes
 - Level 1.0(4.5) Maces & Flails
 + Level 6.6 Armour
 + Level 6.0 Dodging
 - Level 3.0 Stealth
 + Level 6.4 Evocations


You had 9 spell levels left.
You didn't know any spells.
Your spell library contained the following spells:

 Spells                   Type           Power      Damage    Failure   Level
 Magic Dart               Conj           0%         1d3       100%        1
 Searing Ray              Conj           0%         3d3       100%        2
 Animate Dead             Necr           0%         N/A       100%        4
 Fulminant Prism          Conj/Hex       0%         3d6       100%        4
 Borgnjor's Vile Clutch   Necr/Erth      0%         N/A       100%        5
 Death Channel            Necr           0%         N/A       100%        6


Dungeon Overview and Level Annotations

Branches:
Dungeon (10/15)            Temple (1/1) D:5           Sewer (visited)
   Lair: D:8-11         Orc: D:9-12

Altars:
Cheibriados
Dithmenos
Elyvilon
Fedhas
Kikubaaqudgha
Makhleb
Nemelex Xobeh
Okawaru
Qazlal
Ru
Sif Muna
Trog
Uskayaw
Vehumet
Wu Jian
Xom
Yredelemnul
Zin
The Shining One
Lugonu

Shops:
D:3 ((=((

Annotations:
D:6 1 runed translucent door, Crazy Yiuf
D:8 Gastronok


Innate Abilities, Weirdness & Mutations

Your serpentine skin is tough. (AC +3)
You have supernaturally acute eyesight. (SInv)
Armour fits poorly on your strangely shaped body.
Your system is resistant to poisons. (rPois)
You cover ground very slowly.
You can spit poison.
You have a snake-like lower body.


Message History

The orc hits you but does no damage.
The orc warrior hits you from afar with a +0 glaive.
Your plate armour prevents you from hitting the orc.
The orc hits you but does no damage.
The orc warrior hits you but does no damage.
You hit the orc but do no damage. The orc hits you but does no damage.
The orc warrior hits you from afar with a +0 glaive.
You hit the orc.
The orc is lightly wounded.
The orc barely misses you. The orc warrior barely misses you.
You hit the orc.
The orc is moderately wounded.
The orc hits you but does no damage. The orc warrior barely misses you.
The orc hits you with a +0 mace.
You hit the orc but do no damage.
The orc is moderately wounded.
The orc warrior hits you from afar with a +0 glaive!
The orc barely misses you.
The orc warrior hits you from afar with a +0 glaive.
You hit the orc.
The orc is almost dead.
The orc hits you but does no damage.
The orc warrior hits you from afar with a +0 glaive.
You hit the orc but do no damage.
The orc is almost dead.
The orc hits you but does no damage.
The orc warrior hits you from afar with a +0 glaive!
* * * LOW HITPOINT WARNING * * *
Your plate armour prevents you from hitting the orc.
The orc is almost dead.
The orc hits you but does no damage.
The orc warrior hits you from afar with a +0 glaive!
* * * LOW HITPOINT WARNING * * *
Unknown command.
You hit the orc but do no damage.
The orc is almost dead.
The orc hits you with a +0 mace.
* * * LOW HITPOINT WARNING * * *
The orc warrior hits you from afar with a +0 glaive!
You die...

....#####
##.#
..###
#.## .##
#..###
..#
##...#
#.# ###.#
.# #.# .#
#.# ###
.#
#.###..#
..
#@.#...#
..
##o...#
.. #o##.#
#.))# #
#.#.#
.....#
#.. ###
...# ####


You could see an orc warrior and an orc.

Vanquished Creatures
  A troll (D:10)
  Grinder (D:6)
  A shadow (D:5)
  16 yaks
  A wyvern (D:8)
  A steam dragon (D:8)
  Purgy (Sewer)
  5 orc warriors
  A sky beast (D:5)
  A black bear (D:4)
  3 ogres
  2 centaurs
  A phantom (D:6)
  A kobold brigand (D:5)
  2 bullfrogs
  4 scorpions
  A wyvern zombie (D:7)
  A water moccasin skeleton (D:5)
  3 wights (D:6)
  A howler monkey (D:6)
  A bullfrog zombie (D:5)
  2 centaur zombies
  2 hounds
  5 orc priests
  A bullfrog skeleton (D:4)
  Jessica (D:3)
  2 iguanas
  6 orc wizards
  A hound skeleton (D:4)
  Robin (D:1)
  A howler monkey zombie (D:6)
  4 gnolls
  2 howler monkey skeletons
  11 adders
  A shadow imp (D:5)
  3 white imps
  An ufetubus (D:5)
  An adder skeleton (D:4)
  3 dart slugs
  5 worms
  26 orcs
  9 bats
  9 endoplasms
  3 giant cockroaches
  15 goblins
  15 hobgoblins
  5 jackals
  7 quokkas
  7 ball pythons
  4 frilled lizards
  14 kobolds
  7 rats
223 creatures vanquished.

Notes
Turn   | Place    | Note
-------+----------+-------------------------------------------
     0 | D:1      | MajorAdolf the Naga Wanderer began the quest for the Orb.
     0 | D:1      | MajorAdolf set off with the following items: a +2 mace, a
                  | scroll of teleportation, a potion of lignification, a +0
                  | robe, a +0 dagger
     0 | D:1      | Reached XP level 1. HP: 22/22 MP: 1/1
   496 | D:1      | Reached XP level 2. HP: 28/30 MP: 2/2
   716 | D:1      | Reached skill level 1 in Axes
   746 | D:1      | Reached XP level 3. HP: 20/36 MP: 3/3
  1542 | D:2      | Reached skill level 1 in Dodging
  1680 | D:2      | Noticed Robin
  1737 | D:1      | Reached XP level 4. HP: 27/45 MP: 4/4
  2523 | D:1      | Killed Robin
  3176 | D:2      | Found a shimmering altar of Xom.
  3204 | D:2      | Reached XP level 5. HP: 46/51 MP: 5/5
  3817 | D:3      | Found Beide's Weapon Emporium.
  4085 | D:3      | Noticed Jessica
  4099 | D:3      | Killed Jessica
  4317 | D:3      | Found Axom's Jewellery Shoppe.
  4361 | D:3      | Found an ornate altar of the Wu Jian Council.
  4427 | D:3      | Found Anguwn's Weapon Shoppe.
  4476 | D:3      | Found Mauby's Weapon Shop.
  4532 | D:3      | Found Lann's Weapon Shoppe.
  4772 | D:4      | Reached XP level 6. HP: 60/60 MP: 6/6
  4828 | D:4      | Reached skill level 5 in Fighting
  4834 | D:4      | Found a sparkling altar of Nemelex Xobeh.
  5028 | D:4      | Found a glowing drain.
  5041 | Sewer    | Entered a sewer
  5140 | Sewer    | Noticed Purgy
  5143 | Sewer    | Killed Purgy
  5308 | D:4      | Noticed a yak
  5316 | D:4      | Killed a yak
  5317 | D:4      | Reached skill level 1 in Evocations
  5317 | D:4      | Reached XP level 7. HP: 41/67 MP: 7/7
  5484 | D:4      | Found a burning altar of Makhleb.
  5484 | D:4      | Found a hide-covered altar of Uskayaw.
  5762 | D:4      | Found an iron altar of Okawaru.
  6177 | D:4      | Identified the +1 leather armour "Gialolem" {*Slow rElec
                  | rPois Dex+3}
  6249 | D:5      | Entered Level 5 of the Dungeon
  6278 | D:5      | Reached XP level 8. HP: 71/76 MP: 8/8
  6537 | D:5      | Reached skill level 6 in Fighting
  6883 | D:5      | Found a staircase to the Ecumenical Temple.
  6919 | D:5      | Noticed a shadow
  6932 | D:5      | Killed a shadow
  6988 | Temple   | Entered the Ecumenical Temple
  7342 | D:5      | Reached skill level 5 in Axes
  7342 | D:5      | Reached XP level 9. HP: 47/85 MP: 9/9
  7398 | D:6      | Reached skill level 5 in Armour
  8386 | D:6      | Noticed Grinder
  8422 | D:6      | Paralysed by Grinder for 2 turns
  8440 | D:6      | Paralysed by Grinder for 4 turns
  8444 | D:6      | Killed Grinder
  8445 | D:6      | Reached skill level 7 in Fighting
  8553 | D:6      | Found a basalt altar of Yredelemnul.
  9023 | D:6      | Found a runed translucent door.
  9024 | D:6      | Noticed Crazy Yiuf
  9750 | D:7      | Found a shadowy altar of Dithmenos.
  9943 | D:7      | Reached skill level 5 in Evocations
 10053 | D:7      | Reached skill level 5 in Dodging
 10093 | D:8      | Reached XP level 10. HP: 73/94 MP: 10/10
 10203 | D:8      | Found a snail-covered altar of Cheibriados.
 10214 | D:8      | Found a shimmering altar of Xom.
 10221 | D:8      | Noticed Gastronok
 10921 | D:9      | Reached skill level 8 in Fighting
 11883 | D:9      | Found an ancient bone altar of Kikubaaqudgha.
 12035 | D:10     | Entered Level 10 of the Dungeon
 12389 | D:10     | Slain by an orc warrior

Illustrated notes

Levels and vault maps discovered:
D:1:      matt_arrival_diagonals, layout_rooms, minmay_misc_feat_hallway,
          minmay_unequal
D:2:      layout_loops_ring, basic_altar, eino_tiny_chamber, uniq_robin
D:3:      layout_basic, mainiacjoe_overflow_concentric_impassable, serial_shops,
          shop, nicolae_diamond_shop, shop, nicolae_diamond_shop,
          nicolae_square_shop, kennysheep_generic_room_5, uniq_jessica
D:4:      layout_loops_ring, gammafunk_temple_overflow_elements,
          mainiacjoe_overflow_chevrons, overflow_temple_1_default,
          gup_sewer_entry_bubbles, minmay_manual_monstrance
D:5:      layout_basic, temple_hall, minmay_misc_feat_nine_boxes
D:6:      layout_rooms, mainiacjoe_overflow_alcove_2,
          eino_small_chamber_without_monster, grunt_ministairs_8,
          minmay_misc_feat_doors, uniq_grinder, uniq_crazy_yiuf_cottage
D:7:      layout_loops_ring, mainiacjoe_overflow_paths
D:8:      layout_rooms, xom_butterflies, nicolae_overflow_crystal_walls,
          grunt_gozag_breadcrumbs, mainiacjoe_overflow_cross_hatched,
          amcnicky_altar_gilded, uniq_gastronok, uniq_prince_ribbit1
D:9:      layout_basic, mainiacjoe_overflow_surrounded_room
D:10:     layout_rooms
Temple:   corrupted_temple

Skill      XL: |  1  2  3  4  5  6  7  8  9 10 |
---------------+-------------------------------+-----
Axes           | 1 2 3 5 6 7 |  7.2
Dodging        | 1 2 3 4 5 6 |  6.0
Armour         | 3 4 5 6 |  6.6
Fighting       | 5 6 7 8 |  8.4
Evocations     | 1 2 3 5 6 |  6.4
Maces & Flails | |  1.0
Stealth        | |  3.0

Action                   |  1- 3 |  4- 6 |  7- 9 | 10-12 || total
-------------------------+-------+-------+-------+-------++-------
Melee: Mace              |    72 |   170 |   422 |   346 ||  1010
 Abil: Spit Poison       |    11 |    27 |    27 |     7 ||    72
Evoke: Wand              |       |     2 |     4 |    13 ||    19
  Use: Scroll            |       |     3 |       |       ||     3
 Stab: Sleeping          |     5 |     1 |       |       ||     6
Armor: Robe              |    23 |    22 |       |       ||    45
       Chain mail        |       |    79 |   206 |       ||   285
       Plate armour      |       |       |   110 |   306 ||   416
Dodge: Dodged            |    35 |    68 |   105 |    89 ||   297
